Map: Ruins of Seras

Players

Broshimitsu - Winner!

  • Race: Terran Terran
  • League: Grandmaster

SticklerMac

  • Race: Zerg Zerg
  • League: Grandmaster

VOD

Have the link to the VOD?

Description

Time

  • Played on: June 18, 2015, 12:53 a.m.
  • Length: 21:43
Show
View Real Time Build Order
Export as new Build Order

Broshimitsu Terran - Winner!

Build Orders: Mech 

Get SALT Encoding   

  12  0:03  SCV  
  13  0:16  SCV  
  13  0:20  Supply Depot  
  14  0:53  Command Center  
  14  0:57  SCV  
  15  1:11  Barracks  
  15  1:13  SCV  
  16  1:25  SCV  
  17  1:29  Supply Depot  
  17  1:34  Refinery  
  17  1:37  SCV  
  18  1:49  SCV  
  18  1:50  Refinery  
  19  2:01  Supply Depot  
  19  2:05  Orbital Command  
  19  2:18  Orbital Command  
  19  2:22  Marine  
  20  2:38  SCV, Factory  
  20  2:42  Orbital Command  
  21  2:55  Supply Depot  
  21  2:59  Barracks Tech Lab  
  21  3:00  SCV  
  22  3:08  SCV  
  22  3:12  SCV  
  24  3:20  SCV  
  24  3:24  SCV  
  26  3:30  Factory, Bunker  
  26  3:32  Factory Tech Lab, SCV  
  27  3:36  SCV  
  28  3:43  Factory, Refinery  
  28  3:44  SCV  
  28  3:45  Refinery  
  29  3:49  SCV  
  29  3:50  Marauder  
  32  3:57  SCV  
  32  4:00  Siege Tank  
  32  4:01  SCV  
  37  4:05  Engineering Bay  
  37  4:09  SCV  
  38  4:13  SCV  
  38  4:15  Factory Tech Lab  
  39  4:23  SCV  
  40  4:25  SCV  
  41  4:32  Siege Tank  
  41  4:33  Factory Tech Lab  
  41  4:35  SCV, Marauder  
  41  4:37  SCV  
  41  4:38  Widow Mine  
  50  4:48  SCV  
  51  4:53  SCV  
  52  5:00  SCV  
  52  5:04  Cyclone  
  52  5:05  SCV  
  52  5:06  Cyclone  
  60  5:11  Command Center  
  60  5:15  SCV  
  60  5:17  SCV, Sensor Tower  
  60  5:21  Supply Depot  
  62  5:23  Supply Depot  
  62  5:35  Command Center  
  70  5:42  SCV x2, Cyclone x2  
  70  5:53  Siege Tank  
  73  6:14  Cyclone  
  73  6:16  Command Center  
  73  6:17  Barracks  
  76  6:21  Barracks  
  76  6:25  Refinery  
  76  6:26  Barracks  
  76  6:27  Supply Depot x2  
  76  6:30  Supply Depot  
  76  6:32  Supply Depot  
  76  6:35  Siege Tank  
  79  6:46  Siege Tank  
  82  6:50  Orbital Command  
  82  6:51  Orbital Command  
  82  7:00  Armory  
  82  7:06  Armory  
  82  7:07  Siege Tank  
  85  7:30  Refinery  
  85  7:32  Barracks Reactor, Barracks Tech Lab  
  85  7:33  Barracks Reactor  
  85  7:34  Siege Tank  
  85  7:36  Cyclone  
  91  7:39  Marauder  
  93  7:58  Marine  
  90  7:59  Thor, Marine  
  97  8:15  Starport  
  97  8:16  Marine  
  97  8:17  Marine  
  99  8:25  Marine  
  99  8:26  Marine x3  
  103  8:33  Marine  
  92  8:35  Thor, Marine  
  92  8:36  Thor  
  100  8:43  Marine  
  100  8:44  Marine x3  
  100  8:45  SCV  
  100  8:46  SCV x3  
  108  8:51  Marine  
  108  8:52  Orbital Command  
  108  8:53  Marine  
  110  8:58  SCV x3  
  110  9:01  Marine x4  
  117  9:08  Terran Vehicle Weapons Level 1  
  117  9:09  Terran Vehicle Armor Level 1, Marine  
  118  9:10  Fusion Core  
  118  9:11  Marine  
  119  9:17  Thor  
  119  9:19  Marine x4  
  125  9:36  Marine  
  125  9:37  Marine x5  
  131  9:40  Thor  
  126  9:51  SCV  
  126  9:52  SCV x4  
  131  9:54  Marine  
  131  9:55  Marine x5  
  131  9:59  Refinery  
  137  10:03  SCV  
  137  10:04  SCV x4  
  142  10:09  Refinery  
  142  10:12  Marine x2  
  142  10:13  Marine  
  145  10:15  SCV  
  145  10:16  SCV x4  
  150  10:24  Thor  
  150  10:26  Marine x2, Hellbat x2  
  150  10:27  Marine  
  163  10:31  Barracks  
  163  10:32  Barracks  
  163  10:35  Barracks  
  163  10:37  Barracks  
  163  10:39  Barracks  
  163  10:41  Barracks x2  
  163  10:43  Barracks  
  163  10:46  Barracks  
  163  10:47  SCV x3, Marauder, Marine x3  
  163  10:48  Marauder  
  173  10:54  Thor  
  173  10:55  Thor  
  185  11:35  Barracks Tech Lab  
  185  11:38  Cyclone  
  185  11:39  Cyclone x2  
  194  11:41  Marine  
  194  11:42  Barracks Reactor x6  
  194  11:43  Barracks Reactor, Marine x2  
  194  11:44  Marine  
  194  11:46  Barracks Reactor  
  198  12:08  Terran Vehicle Weapons Level 2, Terran Vehicle Armor Level 2  
  198  12:11  Marine x2  
  195  13:01  Barracks Reactor  
  162  13:09  Marine  
  162  13:10  Marine x19  
  162  13:12  Thor x2  
  147  13:13  Thor  
  147  13:27  Marine x2  
  147  13:28  Marine x11  
  147  13:31  Marine  
  161  13:45  Orbital Command  
  161  13:52  Barracks Tech Lab  
  161  13:55  Thor x2  
  161  13:57  Thor  
  161  13:58  Marine x2  
  161  13:59  Marine x17  
  198  14:11  Factory  
  198  14:14  Factory  
  198  14:16  Marauder  
  200  14:17  Factory  
  200  14:22  Stimpack  
  200  14:35  Terran Vehicle Armor Level 3, Terran Vehicle Weapons Level 3  
  195  14:38  Thor  
  150  15:00  Marine  
  150  15:01  Marine x21  
  150  15:02  Thor x2, Marine  
  156  15:18  Marine  
  156  15:19  Marine x7  
  156  15:20  Marine  
  156  15:21  Thor, Marine x6  
  151  15:33  Starport x2  
  151  15:35  Starport Reactor  
  145  15:36  Starport  
  96  15:50  Marine  
  96  15:51  Marine x20  
  96  15:53  Hellbat  
  96  15:54  Hellbat  
  96  15:55  Marine  
  96  15:56  Marine  
  111  16:04  Hellbat  
  113  16:13  Starport Reactor  
  113  16:14  Starport Reactor  
  113  16:15  Hellbat x2  
  116  16:22  Starport Reactor  
  116  16:23  Combat Shields  
  116  16:26  Hellbat  
  116  16:28  Viking x2  
  110  16:35  Marine x6  
  110  16:36  Hellbat x2, Marine x5  
  111  16:47  Hellbat  
  111  16:51  Viking  
  111  16:52  Viking x3  
  111  16:53  Orbital Command  
  116  16:58  Viking x2, Hellbat  
  119  17:21  Viking x2  
  119  17:22  Viking  
  125  17:23  Viking x3  
  125  17:24  Marine  
  125  17:25  Marine x8  
  125  17:28  Viking x2  
  144  17:32  Hellbat  
  144  17:33  Hellbat x2  
  144  17:36  Marine  
  151  17:42  Concussive Shells  
  151  17:51  Viking x2  
  151  17:54  Hellbat x3  
  151  17:56  Orbital Command  
  161  18:03  Viking x4  
  161  18:04  Marine  
  170  18:09  Refinery  
  170  18:18  Viking  
  172  18:28  Refinery  
  170  18:37  Viking x3, Hellbat x3  
  170  18:38  Viking  
  168  18:44  Viking  
  168  18:45  Viking, Marine x3  
  168  18:46  Marine x3  
  164  18:56  Viking x2  
  164  18:59  Marine x5  
  169  19:06  Refinery  
  169  19:07  Viking  
  171  19:12  Viking  
  171  19:13  Viking x2  
  171  19:14  Hellbat  
  171  19:16  Hellbat x2  
  183  19:19  Marine x2  
  183  19:20  Marine  
  186  19:25  Command Center  
  186  19:36  Marine, Hellbat  
  186  19:37  Marine x11  
  200  19:44  Command Center  
  200  20:28  Command Center  
  200  20:38  Refinery  
  200  20:41  Command Center  
  200  20:58  Refinery  
  189  21:41  Refinery  
Show
View Real Time Build Order
Export as new Build Order

SticklerMac Zerg 

Build Orders: Pool First 

Get SALT Encoding   

  12  0:01  Drone  
  13  0:09  Drone  
  13  0:12  Extractor  
  13  0:16  Drone  
  14  0:35  Spawning Pool  
  13  0:37  Drone  
  14  0:47  Overlord  
  14  1:09  Drone x2  
  16  1:21  Queen  
  16  1:22  Metabolic Boost  
  16  1:24  Drone  
  19  1:31  Drone  
  20  1:41  Overlord  
  20  2:02  Hatchery  
  20  2:05  Drone  
  20  2:07  Drone  
  21  2:20  Roach Warren  
  21  2:22  Drone  
  21  2:37  Zergling x2  
  21  2:38  Zergling x2  
  23  2:46  Lair  
  23  2:47  Drone x2  
  25  2:56  Extractor  
  25  2:57  Drone x2  
  26  3:00  Drone  
  27  3:23  Drone x3  
  27  3:24  Drone x2  
  27  3:26  Drone  
  33  3:40  Hatchery  
  32  3:41  Drone  
  32  3:45  Drone  
  34  3:50  Overlord  
  34  3:57  Queen  
  34  4:02  Overlord  
  36  4:08  Glial Reconstitution  
  36  4:12  Extractor  
  36  4:16  Drone x3  
  38  4:23  Drone x3  
  41  4:26  Drone  
  41  4:30  Drone  
  43  4:31  Drone  
  44  4:38  Extractor  
  44  4:39  Drone x2  
  44  4:40  Drone  
  44  4:42  Drone  
  47  4:49  Drone  
  48  4:53  Drone  
  48  4:55  Drone  
  50  5:00  Queen  
  50  5:01  Overlord  
  50  5:04  Overlord  
  50  5:06  Drone  
  53  5:08  Drone  
  53  5:11  Drone  
  55  5:18  Drone x3  
  55  5:19  Drone  
  55  5:20  Drone x2  
  61  5:21  Drone  
  62  5:30  Drone x5  
  62  5:34  Drone x3  
  70  5:46  Spire  
  70  5:49  Drone x2, Spire  
  70  5:50  Drone  
  70  5:53  Extractor  
  70  5:55  Drone x2  
  70  5:56  Drone, Extractor  
  72  5:59  Overlord  
  72  6:00  Overlord  
  72  6:03  Drone x2  
  74  6:18  Drone x2  
  76  6:38  Hatchery  
  74  6:49  Spine Crawler  
  74  6:51  Spine Crawler  
  72  7:01  Drone x2  
  73  7:04  Zerg Flyer Weapons Level 1  
  73  7:05  Zerg Flyer Armor Level 1  
  73  7:08  Mutalisk x8  
  74  7:14  Overlord x2, Infestation Pit  
  74  7:15  Overlord x4  
  89  7:21  Roach  
  89  7:22  Overlord x2  
  89  7:23  Overlord  
  89  7:34  Mutalisk x8  
  109  7:44  Roach x4  
  102  7:46  Overseer  
  101  7:52  Roach x4  
  109  8:04  Roach  
  109  8:05  Roach  
  113  8:13  Mutalisk x5  
  114  8:41  Drone x3  
  114  8:42  Drone  
  114  8:47  Mutalisk x3  
  114  8:48  Mutalisk  
  125  8:57  Hatchery  
  124  9:05  Mutalisk x2  
  104  9:54  Hive  
  104  9:59  Extractor  
  103  10:02  Corruptor x3  
  103  10:03  Corruptor x2  
  113  10:20  Drone x9  
  122  10:22  Queen  
  124  10:32  Drone x4  
  124  10:33  Drone x2  
  130  10:50  Zerg Flyer Weapons Level 2  
  130  10:53  Mutalisk x4  
  130  10:54  Mutalisk  
  130  10:55  Mutalisk  
  142  11:10  Greater Spire  
  142  11:12  Overlord x2  
  142  11:13  Overlord x3  
  142  11:16  Zergling x2  
  142  11:17  Zergling x12  
  149  11:23  Zergling x2  
  150  11:28  Spine Crawler  
  150  11:30  Spine Crawler  
  148  11:33  Zergling x12  
  148  11:34  Zergling x8  
  158  11:48  Queen  
  158  11:51  Drone  
  158  11:52  Drone x7  
  158  11:53  Drone x3  
  171  12:03  Corruptor x3  
  171  12:04  Corruptor  
  179  12:17  Extractor  
  179  12:18  Extractor  
  179  12:19  Drone x4  
  179  12:20  Drone x2  
  189  12:30  Brood Lord x5  
  189  12:36  Corruptor x3  
  199  12:40  Zergling x2  
  173  13:08  Overseer  
  173  13:10  Brood Lord x4  
  177  13:39  Corruptor  
  177  13:40  Corruptor x4  
  187  13:46  Hatchery, Brood Lord  
  188  14:10  Extractor  
  188  14:11  Extractor  
  188  14:14  Brood Lord x2  
  190  14:21  Brood Lord x2  
  194  14:24  Brood Lord  
  152  14:47  Mutalisk  
  152  14:48  Mutalisk x3  
  152  15:06  Zergling x6  
  152  15:07  Zergling x52  
  156  15:08  Zergling x24  
  177  15:22  Zergling x20  
  177  15:23  Zergling x30  
  198  15:31  Zerg Flyer Weapons Level 3  
  198  15:32  Zerg Flyer Armor Level 2  
  191  15:43  Mutalisk  
  191  15:44  Mutalisk x4  
  191  15:45  Overlord  
  191  15:46  Overlord  
  185  16:14  Queen  
  182  16:31  Mutalisk  
  182  16:32  Mutalisk x4  
  173  16:34  Corruptor  
  173  16:35  Corruptor x4  
  173  16:37  Zergling x18  
  173  16:38  Zergling x4  
  157  17:04  Corruptor  
  157  17:05  Corruptor x6  
  171  17:29  Brood Lord  
  175  17:30  Brood Lord  
  175  17:31  Brood Lord  
  175  17:33  Hatchery  
  175  17:35  Zergling x26  
  175  17:36  Zergling x22  
  200  17:48  Hatchery  
  199  18:04  Zergling x2  
  180  18:39  Zerg Flyer Armor Level 3  
  108  18:59  Corruptor  
  108  19:00  Corruptor x10  
  110  19:30  Drone x3  
  109  19:32  Drone x3  
  97  19:47  Extractor  
  97  19:48  Extractor x2  
  97  19:50  Extractor  
  74  20:22  Hatchery  
  74  20:23  Corruptor x4  
  74  20:24  Corruptor x6  
  94  20:39  Corruptor x3  
  98  20:48  Corruptor  
  100  20:57  Corruptor  
  100  20:58  Zergling x2  
  100  20:59  Zergling x52  
  100  21:00  Zergling x24  
Tags
 
Add a new tag
Caveats
  • Supply blocks, unpowered buildings, or Contaminate may cause inaccurate times.
  • Supply counts are checked every 10 seconds.